Map: [EWC] Amphion

Players

Reynor

  • Race: Zerg Zerg
  • Spawn Location: 11:00

herO - Winner!

  • Race: Protoss Protoss
  • Spawn Location: 7:00

Event: Esports World Cup 2024

VOD

Have the link to the VOD?

Description

Time

  • Played on: Aug. 17, 2024, 12:03 p.m.
  • Length: 20:10

All games in this series

Show
View Real Time Build Order
Export as new Build Order

Reynor Zerg 

Build Orders: Hatch First, Lurkers 

Get SALT Encoding   

  12  0:00  Drone  
  13  0:12  Overlord  
  13  0:17  Drone  
  14  0:31  Drone x2  
  16  0:50  Hatchery  
  16  0:53  Drone  
  16  0:57  Drone  
  16  1:00  Drone  
  18  1:11  Extractor  
  18  1:16  Spawning Pool  
  16  1:19  Drone  
  16  1:23  Drone  
  18  1:28  Drone  
  19  1:39  Drone  
  20  1:49  Overlord  
  20  2:02  Drone x2, Queen  
  20  2:04  Queen  
  26  2:11  Drone  
  26  2:12  Drone  
  28  2:22  Drone  
  29  2:23  Drone  
  30  2:32  Metabolic Boost  
  30  2:33  Drone  
  31  2:38  Hatchery  
  31  2:40  Drone  
  31  2:43  Zergling x2  
  32  2:45  Zergling x2  
  33  2:53  Queen  
  33  2:54  Overlord  
  33  2:57  Drone  
  36  3:11  Overlord  
  36  3:12  Queen  
  36  3:13  Drone x3  
  36  3:15  Zergling x2  
  36  3:19  Zergling x2  
  43  3:20  Overlord  
  43  3:28  Drone  
  43  3:29  Queen  
  43  3:32  Drone  
  47  3:38  Drone  
  47  3:41  Drone  
  49  3:42  Drone  
  49  3:44  Overlord  
  48  3:48  Drone x3  
  48  3:49  Drone  
  48  3:51  Drone x2  
  48  3:55  Drone  
  54  3:59  Queen  
  54  4:03  Drone x2  
  54  4:07  Spore Crawler  
  55  4:10  Queen  
  55  4:12  Drone  
  55  4:13  Drone  
  59  4:17  Zergling x4  
  61  4:24  Spore Crawler, Drone  
  61  4:25  Overlord  
  61  4:28  Drone x3  
  61  4:29  Drone  
  66  4:32  Spore Crawler  
  66  4:35  Zergling x4  
  66  4:37  Overlord  
  67  4:39  Drone  
  67  4:45  Drone  
  68  4:47  Spore Crawler, Drone  
  68  4:50  Drone x3  
  71  5:00  Evolution Chamber  
  71  5:01  Drone x3  
  71  5:04  Roach Warren, Zergling x2  
  71  5:05  Zergling x2  
  74  5:09  Zergling x2  
  74  5:10  Zergling x4  
  74  5:12  Overlord  
  74  5:13  Spore Crawler  
  76  5:16  Drone  
  76  5:17  Drone x2  
  76  5:19  Overlord  
  76  5:21  Drone  
  76  5:22  Drone  
  76  5:26  Lair  
  78  5:29  Zerg Melee Weapons Level 1  
  78  5:30  Drone  
  78  5:32  Drone x2  
  78  5:33  Drone  
  78  5:34  Drone  
  83  5:37  Overlord  
  83  5:45  Drone  
  83  5:46  Drone, Extractor  
  84  5:51  Overlord  
  84  5:56  Drone x3  
  85  5:57  Zergling x10  
  85  6:00  Drone  
  85  6:03  Zergling x2  
  91  6:05  Zergling x4  
  91  6:09  Hatchery, Overlord  
  92  6:12  Pneumatized Carapace  
  92  6:16  Drone x3, Queen  
  92  6:17  Zergling x4  
  92  6:18  Extractor  
  98  6:21  Zergling x8  
  98  6:24  Overlord  
  102  6:28  Zergling x2  
  102  6:32  Zergling x2  
  104  6:33  Zergling x4  
  104  6:39  Zergling x8  
  111  6:40  Zergling x8  
  111  6:46  Roach  
  116  6:49  Overlord  
  116  6:51  Roach  
  116  6:52  Queen  
  116  6:54  Overlord  
  120  6:55  Queen  
  120  6:59  Roach  
  123  7:02  Overlord  
  123  7:13  Roach x4  
  123  7:14  Hatchery  
  130  7:16  Zergling x2  
  130  7:17  Zergling x12  
  136  7:25  Roach x3  
  136  7:26  Hatchery  
  140  7:31  Roach  
  140  7:32  Roach x2  
  140  7:36  Zergling x2  
  145  7:37  Overlord  
  145  7:39  Overlord  
  145  7:40  Zergling x2  
  145  7:43  Overlord  
  144  7:50  Drone x4  
  139  7:51  Zerg Melee Weapons Level 2  
  139  7:54  Drone x2  
  127  7:59  Zergling x2, Glial Reconstitution  
  127  8:03  Drone x2  
  127  8:05  Drone x2  
  127  8:06  Zergling x14, Extractor  
  127  8:12  Overseer  
  130  8:13  Zergling x2  
  130  8:16  Zergling x2  
  130  8:17  Infestation Pit  
  130  8:18  Baneling Nest  
  130  8:20  Spore Crawler  
  130  8:25  Drone x3  
  132  8:27  Extractor  
  132  8:30  Drone x2  
  132  8:33  Drone x4  
  132  8:34  Drone x3  
  135  8:36  Drone  
  135  8:39  Zergling x6  
  140  8:44  Overlord  
  140  8:48  Drone x3  
  143  8:50  Hydralisk Den  
  143  8:52  Evolution Chamber  
  142  9:02  Drone x2  
  142  9:03  Drone x3  
  142  9:07  Drone  
  142  9:09  Zergling x2, Extractor, Roach x8  
  157  9:18  Roach x3  
  157  9:20  Hive  
  163  9:24  Extractor, Lurker Den  
  163  9:25  Extractor  
  160  9:31  Ravager  
  160  9:33  Overlord  
  160  9:34  Zergling x22  
  160  9:37  Drone x2  
  174  9:41  Overlord  
  174  9:50  Overlord  
  174  9:51  Muscular Augments  
  174  9:57  Overlord  
  171  10:02  Hydralisk x5  
  171  10:05  Overlord  
  180  10:08  Ravager x2  
  180  10:12  Roach x4  
  180  10:13  Ravager  
  188  10:15  Overlord  
  188  10:20  Zergling x10, Roach x3  
  195  10:26  Overlord  
  193  10:32  Roach x9  
  177  10:38  Zergling x4, Roach x2  
  177  10:39  Roach  
  161  10:45  Zergling x8  
  161  10:48  Zergling x4  
  151  10:50  Zergling x4  
  151  10:53  Zergling x4  
  136  10:57  Seismic Spines  
  136  11:03  Lurker x3  
  132  11:04  Drone x4  
  132  11:05  Drone  
  132  11:07  Lurker  
  132  11:09  Zergling x6  
  136  11:11  Zergling x4  
  136  11:15  Zergling x8  
  136  11:18  Roach  
  128  11:19  Roach  
  128  11:22  Roach  
  128  11:23  Roach  
  123  11:26  Hydralisk x2  
  123  11:29  Zergling x2, Roach  
  130  11:37  Hydralisk x2  
  130  11:38  Zergling x2  
  135  11:40  Baneling x3  
  135  11:41  Zergling x2, Hydralisk  
  135  11:45  Hydralisk  
  135  11:46  Zergling x4  
  142  11:47  Zergling x2  
  142  11:48  Zergling x2  
  142  11:50  Ravager x2  
  142  11:53  Hydralisk x2  
  150  11:57  Zergling x6  
  150  11:58  Zergling x2  
  154  12:04  Hydralisk x3  
  154  12:06  Drone  
  154  12:07  Drone x2  
  155  12:20  Zerg Missile Weapons Level 1  
  155  12:21  Drone x3  
  156  12:26  Zergling x2, Hydralisk x3  
  156  12:27  Zergling x6  
  166  12:37  Spine Crawler  
  166  12:42  Adrenal Glands  
  165  12:44  Drone x2  
  165  12:45  Drone x2  
  165  12:46  Extractor, Hydralisk x3  
  165  12:47  Zergling x10  
  165  12:48  Extractor  
  170  12:54  Hydralisk x2  
  170  12:55  Hydralisk  
  171  13:00  Baneling x6  
  171  13:09  Drone  
  171  13:10  Drone x3  
  163  13:13  Zerg Melee Weapons Level 3  
  163  13:14  Zergling x2, Hydralisk  
  163  13:15  Zergling x8  
  163  13:18  Drone x3  
  169  13:23  Lurker x3  
  171  13:27  Lurker  
  171  13:35  Drone x2  
  171  13:36  Lurker  
  171  13:37  Lurker  
  171  13:38  Zergling x18  
  184  13:44  Lurker  
  184  13:47  Spine Crawler  
  184  13:48  Queen x2  
  186  13:55  Lurker x3  
  191  13:59  Zergling x16  
  199  14:07  Lurker  
  199  14:11  Spine Crawler  
  199  14:12  Spine Crawler  
  191  14:18  Drone  
  191  14:19  Lurker x3, Spire  
  191  14:22  Spine Crawler, Drone  
  191  14:34  Zergling x2  
  191  14:35  Zergling x12  
  198  14:41  Zerg Missile Weapons Level 2, Spore Crawler  
  198  14:42  Spore Crawler, Overlord  
  198  14:43  Zergling x6, Spire  
  198  14:44  Zergling x6  
  197  14:51  Spore Crawler  
  195  15:09  Hatchery  
  187  15:31  Adaptive Talons  
  187  15:35  Overseer  
  160  15:39  Corruptor x9  
  160  15:40  Hydralisk x3  
  160  15:41  Zergling x26  
  184  15:46  Hydralisk x2  
  184  15:47  Zergling x2  
  188  15:54  Overseer  
  188  15:55  Overseer  
  188  15:56  Zergling x14  
  190  15:58  Zergling x2  
  190  16:03  Zergling x2  
  179  16:05  Zergling x4  
  179  16:09  Zergling x8  
  170  16:22  Hydralisk x3  
  170  16:23  Zergling x2  
  177  16:32  Lurker x5  
  176  16:35  Baneling x4  
  176  16:39  Hydralisk x4  
  184  16:49  Viper x2  
  190  16:56  Corruptor  
  190  16:58  Overlord x3  
  190  16:59  Overlord  
  187  17:02  Overlord  
  185  17:13  Overlord  
  176  17:16  Corruptor x3  
  176  17:20  Corruptor  
  163  17:23  Corruptor  
  163  17:27  Corruptor  
  157  17:33  Corruptor  
  141  17:44  Corruptor  
  141  17:49  Hydralisk x2  
  141  17:50  Zergling x10  
  141  17:51  Zergling x2  
  111  17:59  Roach  
  111  18:05  Roach x2  
  115  18:12  Roach  
  110  18:18  Hydralisk  
  110  18:19  Hydralisk x3  
  109  18:26  Hydralisk  
  103  18:28  Lurker  
  101  18:35  Hydralisk x2  
  83  18:52  Hydralisk  
  71  19:01  Corruptor, Lurker x2  
  61  19:07  Lurker x2  
  60  19:20  Lurker  
  60  19:21  Corruptor  
  63  19:34  Corruptor  
Show
View Real Time Build Order
Export as new Build Order

herO Protoss - Winner!

Build Orders: 1 Gate Expand, Oracle Opening 

Get SALT Encoding   

  12  0:00  Probe  
  13  0:12  Probe  
  14  0:18  Pylon  
  14  0:24  Probe (Chrono Boost)  
  15  0:29  Assimilator  
  15  0:37  Probe (Chrono Boost)  
  16  0:44  Probe (Chrono Boost)  
  16  0:47  Gateway  
  17  0:51  Probe  
  18  1:03  Probe  
  19  1:15  Probe  
  20  1:25  Nexus  
  21  1:35  Cybernetics Core  
  21  1:37  Probe  
  21  1:43  Assimilator  
  21  1:49  Probe  
  21  1:52  Pylon  
  22  2:02  Probe  
  23  2:10  Adept  
  23  2:13  Stargate  
  26  2:15  Probe (Chrono Boost)  
  26  2:18  Warp Gate  
  26  2:26  Probe (Chrono Boost)  
  27  2:32  Probe (Chrono Boost)  
  28  2:37  Probe (Chrono Boost)  
  28  2:42  Stalker  
  32  2:46  Probe x2 (Chrono Boost)  
  33  2:51  Probe (Chrono Boost)  
  33  2:53  Oracle (Chrono Boost)  
  33  2:54  Probe  
  38  3:03  Pylon  
  38  3:05  Probe  
  39  3:06  Probe  
  40  3:14  Gateway  
  40  3:18  Probe x2  
  42  3:20  Oracle (Chrono Boost)  
  42  3:26  Adept  
  47  3:31  Probe x2  
  49  3:41  Pylon  
  49  3:44  Probe x2  
  51  3:52  Oracle (Chrono Boost)  
  54  4:05  Nexus  
  54  4:07  Shield Battery  
  54  4:09  Assimilator  
  54  4:11  Assimilator  
  54  4:13  Probe  
  54  4:14  Probe  
  54  4:16  Adept x2  
  60  4:23  Pylon  
  60  4:26  Probe x2  
  62  4:37  Twilight Council  
  62  4:39  Forge  
  62  4:41  Adept x2  
  62  4:45  Probe  
  67  4:46  Probe  
  68  4:57  Probe  
  68  4:58  Probe, Protoss Ground Weapons Level 1  
  70  5:00  Gateway  
  70  5:01  Gateway  
  70  5:16  Stalker x2  
  70  5:17  Probe x2 (Chrono Boost)  
  70  5:20  Blink (Chrono Boost)  
  76  5:22  Probe (Chrono Boost)  
  77  5:30  Pylon  
  77  5:34  Probe x3 (Chrono Boost)  
  80  5:39  Probe (Chrono Boost)  
  80  5:41  Stalker, Probe x2 (Chrono Boost)  
  85  5:46  Gateway  
  85  5:48  Probe  
  85  5:49  Gateway  
  86  5:59  Stalker  
  86  6:00  Stalker x2  
  86  6:01  Probe  
  86  6:02  Photon Cannon  
  93  6:08  Pylon x2  
  93  6:26  Probe x3  
  93  6:28  Stalker x2  
  93  6:29  Stalker x2  
  93  6:32  Assimilator  
  104  6:33  Assimilator  
  104  6:38  Robotics Facility, Probe x3  
  107  6:40  Pylon  
  107  6:48  Gateway, Templar Archives  
  107  6:50  Probe x2  
  109  6:58  Probe  
  110  7:06  Stalker x3  
  116  7:10  Probe  
  117  7:26  Nexus  
  117  7:29  Pylon  
  117  7:30  Pylon  
  116  7:39  Stalker  
  116  7:40  Stalker x2  
  116  7:43  Protoss Ground Weapons Level 2 (Chrono Boost)  
  107  7:45  Stalker x3  
  107  7:47  Probe x3  
  95  7:59  Stalker  
  95  8:00  Probe (Chrono Boost)  
  95  8:04  Probe x2 (Chrono Boost)  
  90  8:08  Photon Cannon  
  90  8:10  Immortal  
  95  8:15  Probe x2 (Chrono Boost)  
  95  8:17  Probe (Chrono Boost)  
  97  8:20  Probe (Chrono Boost)  
  97  8:23  Shield Battery, Probe x2  
  97  8:25  Photon Cannon  
  100  8:29  Stalker x2  
  100  8:30  Probe  
  105  8:35  Stalker x2, Probe  
  105  8:37  Phoenix (Chrono Boost)  
  112  8:43  Probe (Chrono Boost)  
  114  8:49  Probe (Chrono Boost)  
  114  8:51  Charge (Chrono Boost), Probe (Chrono Boost)  
  114  8:52  High Templar x2  
  114  8:54  Probe (Chrono Boost)  
  121  8:59  Probe x2 (Chrono Boost)  
  119  9:04  Probe (Chrono Boost)  
  119  9:06  Probe x3  
  119  9:09  Warp Prism (Chrono Boost)  
  120  9:13  Archon, High Templar  
  120  9:14  Zealot x2, High Templar  
  130  9:17  Probe  
  130  9:18  Probe x3  
  130  9:20  Archon  
  130  9:22  Gateway  
  134  9:30  Probe x4  
  138  9:37  Observer  
  139  9:38  Zealot x2  
  139  9:39  Zealot x2  
  139  9:40  Protoss Ground Weapons Level 3 (Chrono Boost)  
  147  9:48  Pylon  
  147  9:49  Pylon  
  147  9:50  Pylon  
  147  9:51  Pylon  
  147  10:09  High Templar x2  
  147  10:10  Zealot x5, Immortal (Chrono Boost)  
  165  10:16  Archon  
  165  10:19  Zealot  
  161  10:33  Zealot x5  
  148  10:39  Zealot  
  148  10:42  Immortal (Chrono Boost)  
  126  10:55  Zealot x7  
  124  11:01  Zealot  
  124  11:05  Probe x4  
  124  11:07  Observer  
  126  11:14  Psionic Storm  
  126  11:16  Zealot x3  
  126  11:17  Zealot x4  
  126  11:18  Probe x3  
  113  11:26  Zealot  
  113  11:27  Immortal (Chrono Boost)  
  117  11:35  Observer  
  117  11:39  High Templar x2  
  121  11:40  Zealot x2, High Templar x3  
  121  11:41  Protoss Air Weapons Level 1 (Chrono Boost)  
  121  11:42  Probe x3  
  121  11:43  Probe  
  121  11:44  Assimilator, Photon Cannon  
  121  11:45  Assimilator  
  134  11:56  Zealot  
  134  11:57  Probe x4  
  134  12:01  Immortal (Chrono Boost)  
  133  12:12  Probe x3  
  133  12:13  Zealot x4, High Templar x2  
  148  12:15  Probe  
  148  12:21  Shield Battery  
  147  12:23  Protoss Shields Level 1  
  147  12:24  Photon Cannon  
  147  12:33  Immortal (Chrono Boost)  
  151  12:44  Fleet Beacon  
  151  12:45  Stargate  
  149  12:52  Zealot  
  149  12:53  Zealot x5  
  161  12:58  Oracle (Chrono Boost)  
  161  13:05  Observer (Chrono Boost)  
  164  13:11  Probe x3  
  164  13:12  Probe  
  163  13:18  Photon Cannon  
  153  13:24  Nexus, Immortal  
  156  13:28  Photon Cannon  
  162  13:35  Tempest (Chrono Boost)  
  162  13:36  Mothership (Chrono Boost)  
  172  13:45  Tempest (Chrono Boost)  
  172  13:57  Protoss Air Weapons Level 2 (Chrono Boost)  
  172  14:00  Tempest  
  172  14:01  Probe x2  
  172  14:02  Probe  
  174  14:14  Nexus, Pylon  
  174  14:15  Pylon  
  179  14:21  Tempest (Chrono Boost)  
  179  14:29  Protoss Shields Level 2  
  179  14:30  Pylon x2  
  180  14:35  High Templar x4  
  188  14:40  Archon x2  
  188  14:43  Photon Cannon  
  188  14:44  Photon Cannon  
  176  14:47  Photon Cannon x2  
  176  14:53  Shield Battery  
  176  14:55  Shield Battery  
  176  14:58  Tempest (Chrono Boost)  
  176  15:01  Tempest (Chrono Boost)  
  180  15:19  Assimilator  
  180  15:20  Assimilator  
  180  15:21  High Templar x4  
  182  15:25  Zealot x4  
  182  15:26  Shield Battery  
  196  15:29  Archon x2  
  196  15:30  Pylon  
  182  15:39  Tempest x2  
  188  15:48  Zealot x3  
  188  15:49  Zealot  
  179  16:03  Zealot x4  
  173  16:05  Unknown  
  173  16:07  Observer (Chrono Boost)  
  169  16:15  Probe x4  
  169  16:16  Observer, Probe  
  155  16:25  Observer (Chrono Boost)  
  161  16:29  Probe (Chrono Boost)  
  165  16:34  Oracle (Chrono Boost), Observer (Chrono Boost), Probe x4 (Chrono Boost)  
  165  16:38  Probe (Chrono Boost)  
  165  16:40  High Templar x4  
  165  16:42  Probe x3 (Chrono Boost)  
  165  16:46  Archon  
  165  16:47  Probe x2  
  176  16:52  Probe  
  179  16:54  Zealot x3  
  185  17:03  Zealot  
  187  17:13  Zealot x3  
  187  17:14  Zealot  
  172  17:26  Zealot x4  
  163  17:47  Zealot x7  
  143  17:59  Zealot  
  143  18:00  Observer (Chrono Boost)  
  146  18:11  High Templar x4  
  146  18:12  High Templar x2  
  154  18:14  Probe x3  
  154  18:15  Probe  
  154  18:17  Archon x3  
  149  18:26  Probe x2  
  149  18:27  Probe x2  
  152  18:35  Photon Cannon  
  152  18:38  Probe  
  152  18:39  Probe x3  
  150  18:44  High Templar x3  
  146  19:07  Pylon  
  146  19:09  Pylon  
  146  19:10  Pylon  
  146  19:12  Photon Cannon  
  146  19:15  Pylon  
  144  19:17  Pylon  
  144  19:19  Pylon  
  144  19:22  Observer x2  
  144  19:36  High Templar x2  
  144  19:37  High Templar x2  
Tags
 
Add a new tag
Caveats
  • Supply blocks, unpowered buildings, or Contaminate may cause inaccurate times.
  • Supply counts are checked every 10 seconds.